Map: Pillars of Gold LE

Players

ShoWTimE

  • Race: Protoss Protoss
  • Spawn Location: 7:00

maru - Winner!

  • Race: Terran Terran
  • Spawn Location: 1:00

Event: ASUS ROG Online 2020

VOD

Have the link to the VOD?

Description

Time

  • Played on: Nov. 29, 2020, 7:50 a.m.
  • Length: 18:46

All games in this series

Show
View Real Time Build Order
Export as new Build Order

ShoWTimE Protoss 

Build Orders: Phoenix Opening, Colossus Rush 

Get SALT Encoding   

  12  0:00  Probe  
  13  0:12  Probe  
  14  0:18  Pylon  
  14  0:24  Probe (Chrono Boost)  
  15  0:36  Probe (Chrono Boost)  
  15  0:38  Gateway  
  16  0:45  Probe (Chrono Boost)  
  16  0:48  Assimilator  
  17  0:51  Probe  
  18  1:03  Probe  
  19  1:15  Probe  
  20  1:27  Cybernetics Core  
  20  1:40  Pylon  
  20  1:44  Probe  
  21  2:00  Nexus  
  22  2:01  Adept (Chrono Boost)  
  22  2:08  Assimilator  
  23  2:10  Probe  
  24  2:22  Adept (Chrono Boost), Probe  
  27  2:34  Probe  
  28  2:39  Stargate  
  28  2:46  Probe  
  28  2:47  Adept  
  31  2:52  Warp Gate  
  31  3:10  Gateway  
  31  3:12  Probe (Chrono Boost)  
  33  3:17  Probe (Chrono Boost)  
  33  3:22  Phoenix (Chrono Boost)  
  33  3:23  Probe (Chrono Boost)  
  33  3:26  Probe (Chrono Boost)  
  37  3:28  Probe (Chrono Boost)  
  38  3:36  Probe  
  38  3:38  Probe  
  38  3:39  Phoenix (Chrono Boost)  
  39  3:46  Pylon  
  41  3:48  Probe  
  41  3:50  Probe  
  43  3:55  Robotics Facility  
  43  4:00  Probe  
  42  4:03  Probe  
  42  4:06  Phoenix  
  45  4:15  Assimilator, Probe x2 (Chrono Boost)  
  47  4:18  Assimilator  
  47  4:25  Pylon  
  47  4:27  Probe (Chrono Boost)  
  47  4:29  Probe (Chrono Boost)  
  47  4:31  Phoenix  
  51  4:32  Probe (Chrono Boost)  
  51  4:37  Probe  
  53  4:41  Probe  
  53  4:43  Observer (Chrono Boost)  
  55  4:49  Probe  
  55  4:53  Probe  
  55  5:01  Probe  
  55  5:05  Probe  
  57  5:08  Robotics Bay  
  57  5:13  Probe  
  58  5:17  Probe  
  59  5:22  Pylon, Observer  
  59  5:25  Probe  
  61  5:29  Probe  
  61  5:31  Nexus  
  62  5:40  Probe  
  62  5:42  Probe  
  58  5:52  Probe  
  58  5:53  Phoenix  
  58  5:54  Probe  
  62  5:57  Pylon  
  62  5:59  Colossus (Chrono Boost)  
  68  6:04  Probe  
  68  6:06  Probe  
  70  6:15  Pylon  
  70  6:16  Probe  
  71  6:19  Probe  
  71  6:25  Stalker  
  74  6:29  Probe  
  74  6:31  Probe, Forge  
  76  6:33  Twilight Council, Pylon  
  76  6:41  Probe  
  76  6:43  Probe  
  76  6:45  Colossus  
  84  6:48  Probe (Chrono Boost)  
  84  6:53  Probe (Chrono Boost)  
  85  6:55  Sentry, Probe (Chrono Boost)  
  85  6:57  Extended Thermal Lance  
  85  7:00  Charge (Chrono Boost), Probe (Chrono Boost)  
  89  7:05  Probe (Chrono Boost)  
  89  7:06  Probe (Chrono Boost)  
  89  7:07  Protoss Ground Weapons Level 1 (Chrono Boost)  
  92  7:09  Probe (Chrono Boost)  
  92  7:11  Probe (Chrono Boost)  
  92  7:13  Probe (Chrono Boost)  
  94  7:15  Probe  
  94  7:16  Pylon  
  94  7:19  Probe  
  94  7:23  Sentry, Zealot  
  94  7:24  Probe  
  94  7:25  Shield Battery  
  99  7:33  Probe  
  100  7:43  Colossus  
  103  7:45  Probe x2  
  103  7:49  Gateway  
  103  7:51  Gateway  
  105  7:53  Gateway  
  105  7:56  Assimilator  
  105  7:57  Gateway  
  105  8:00  Assimilator  
  105  8:01  Sentry  
  107  8:09  Gateway  
  107  8:10  Gateway  
  107  8:13  Pylon  
  107  8:17  Zealot  
  109  8:21  Observer  
  109  8:27  Pylon  
  109  8:28  Forge  
  109  8:29  Probe  
  109  8:30  Zealot  
  109  8:31  Templar Archives  
  109  8:42  Warp Prism (Chrono Boost)  
  109  8:43  Zealot x2  
  115  8:52  Zealot x4  
  123  8:56  Observer  
  123  9:07  Stalker x4, Nexus  
  123  9:09  Shield Battery, Blink  
  131  9:14  Protoss Ground Weapons Level 2 (Chrono Boost)  
  131  9:17  Pylon  
  131  9:26  Photon Cannon  
  131  9:31  Pylon  
  131  9:32  Pylon  
  131  9:36  Protoss Ground Armor Level 1 (Chrono Boost)  
  131  9:37  Pylon  
  131  9:38  Zealot  
  133  9:49  Zealot x3  
  133  9:50  Zealot  
  128  10:02  Observer  
  128  10:06  Stalker x4  
  128  10:11  Zealot x3  
  128  10:12  Zealot  
  132  10:21  Photon Cannon, Probe x4  
  133  10:30  High Templar x4  
  133  10:31  Disruptor (Chrono Boost)  
  133  10:33  Probe x3  
  147  10:35  Archon  
  147  10:36  Archon  
  147  10:37  Zealot x2  
  147  10:38  Zealot  
  153  10:43  Zealot  
  155  10:54  Probe  
  146  10:57  Zealot x2  
  146  11:02  Disruptor  
  143  11:12  Zealot x6  
  143  11:15  Probe  
  143  11:16  Probe  
  151  11:22  Protoss Ground Weapons Level 3 (Chrono Boost)  
  151  11:24  Probe x2  
  153  11:27  Shield Battery, Pylon, Probe  
  154  11:35  Pylon  
  154  11:37  Pylon  
  154  11:38  Zealot, Observer  
  148  11:42  Zealot  
  148  11:43  Probe  
  148  11:45  Zealot x3  
  145  11:48  Zealot x3  
  147  11:54  Probe  
  147  12:00  Photon Cannon, Disruptor (Chrono Boost)  
  147  12:01  Probe  
  150  12:08  Probe  
  150  12:13  Stalker x3  
  150  12:14  High Templar x5  
  150  12:15  Photon Cannon  
  167  12:20  Archon  
  167  12:21  Archon  
  167  12:23  Gateway  
  167  12:25  Gateway  
  167  12:29  Disruptor  
  169  12:36  Probe x3  
  168  12:40  Protoss Ground Armor Level 2 (Chrono Boost), Zealot x3  
  168  12:43  Gravitic Drive (Chrono Boost)  
  166  12:48  Zealot x3  
  170  12:52  Pylon  
  170  12:54  High Templar  
  170  12:55  Zealot  
  166  12:59  Archon  
  166  13:01  Zealot x3  
  172  13:13  Probe x2, Observer (Chrono Boost)  
  172  13:14  Stalker x2  
  172  13:17  Pylon  
  179  13:20  Photon Cannon  
  179  13:24  Pylon  
  179  13:26  Pylon  
  179  13:27  Pylon  
  179  13:31  Zealot  
  179  13:32  Zealot x4  
  179  13:37  Zealot x2  
  161  13:45  Zealot  
  149  13:49  Zealot x2  
  149  13:52  Zealot x2  
  157  14:00  Zealot x5  
  167  14:08  Pylon  
  167  14:09  Assimilator, Photon Cannon  
  167  14:10  Zealot x3  
  167  14:14  Assimilator  
  167  14:15  Dark Shrine  
  171  14:20  Zealot x7  
  185  14:24  Disruptor  
  185  14:30  Zealot  
  175  14:32  Zealot x2  
  165  14:42  Protoss Shields Level 1 (Chrono Boost)  
  165  14:43  Stalker x4  
  165  14:44  Stalker  
  171  14:48  Observer x2  
  171  14:49  Zealot x2  
  175  14:55  Zealot x3  
  152  15:07  Stalker x4  
  160  15:15  Pylon  
  160  15:19  Protoss Ground Armor Level 3 (Chrono Boost)  
  156  15:28  Zealot  
  156  15:31  Dark Templar  
  156  15:33  Dark Templar  
  156  15:38  Dark Templar x5  
  156  15:39  Probe  
  164  15:43  Probe  
  164  15:44  Probe  
  155  15:50  Zealot  
  155  15:51  Zealot  
  155  15:53  Zealot  
  155  15:56  Probe  
  148  15:57  Probe  
  133  16:09  Disruptor (Chrono Boost)  
  133  16:11  High Templar x7  
  116  16:20  Photon Cannon, Probe x2  
  116  16:21  Archon  
  116  16:22  Archon x2, High Templar  
  114  16:27  Archon  
  109  16:34  Probe x2  
  109  16:37  Zealot x2  
  115  16:40  Shadow Stride (Chrono Boost)  
  115  16:41  Disruptor (Chrono Boost)  
  112  16:56  Dark Templar x3  
  112  17:00  Zealot  
  116  17:03  Dark Templar  
  116  17:05  Disruptor (Chrono Boost)  
  110  17:11  Dark Templar x2  
  110  17:14  Zealot  
  116  17:20  Zealot x2  
  116  17:32  Pylon, High Templar  
  116  17:40  Zealot x2  
  118  17:52  Pylon  
  118  17:55  Dark Templar  
  118  17:58  Zealot  
  118  18:05  Zealot x4  
  122  18:11  Stalker  
  119  18:18  Probe x2  
  121  18:21  High Templar  
  121  18:22  Zealot x2  
  121  18:26  Archon, Pylon  
  130  18:30  Zealot  
  128  18:35  Zealot x4  
Show
View Real Time Build Order
Export as new Build Order

maru Terran - Winner!

Build Orders:  

Get SALT Encoding   

  12  0:00  SCV  
  13  0:12  SCV  
  14  0:17  Supply Depot  
  14  0:24  SCV  
  15  0:29  Refinery  
  15  0:39  SCV  
  16  0:46  Barracks  
  16  0:51  SCV  
  17  1:03  SCV  
  18  1:13  Engineering Bay  
  18  1:15  SCV  
  20  1:37  Engineering Bay, Marine  
  20  1:41  Orbital Command  
  19  1:48  Factory  
  19  1:56  Barracks Reactor  
  19  1:59  Supply Depot  
  19  2:06  SCV  
  20  2:18  SCV  
  21  2:27  Command Center  
  21  2:31  SCV  
  22  2:39  Hellion  
  22  2:41  Hellion  
  26  2:50  Starport  
  26  2:53  SCV  
  26  2:57  Supply Depot  
  27  3:02  Refinery  
  27  3:05  SCV  
  28  3:15  Widow Mine  
  28  3:19  Widow Mine, SCV  
  33  3:31  Medivac, SCV  
  33  3:34  Marine  
  36  3:38  Bunker  
  37  3:44  Orbital Command  
  37  3:49  Widow Mine  
  37  3:53  Widow Mine  
  37  3:54  SCV  
  42  3:57  Barracks Tech Lab  
  42  4:06  SCV  
  43  4:11  Widow Mine  
  43  4:14  Widow Mine  
  43  4:15  Medivac  
  43  4:16  SCV  
  50  4:20  Supply Depot  
  50  4:21  SCV  
  51  4:28  SCV  
  52  4:32  Widow Mine  
  52  4:34  Stimpack  
  54  4:41  Widow Mine, SCV x2  
  58  4:53  SCV x2  
  58  4:54  Widow Mine  
  58  5:03  Widow Mine  
  58  5:05  SCV x2  
  58  5:06  Command Center  
  58  5:15  Widow Mine  
  58  5:16  Supply Depot, Medivac  
  58  5:17  SCV  
  58  5:19  SCV  
  62  5:26  Barracks  
  62  5:27  Barracks  
  60  5:30  SCV  
  60  5:32  SCV  
  60  5:35  Widow Mine  
  62  5:38  Widow Mine  
  62  5:42  SCV  
  63  5:46  Medivac, SCV  
  64  5:53  Refinery x2  
  64  5:54  SCV  
  65  5:57  Widow Mine  
  65  5:59  SCV  
  65  6:00  Widow Mine  
  68  6:06  SCV  
  68  6:10  Engineering Bay  
  68  6:11  SCV  
  68  6:16  Barracks Reactor, Barracks Tech Lab  
  68  6:18  Engineering Bay, Starport Reactor  
  68  6:21  Barracks x2  
  68  6:22  SCV  
  68  6:25  Orbital Command  
  69  6:28  SCV  
  70  6:34  SCV  
  71  6:40  SCV  
  71  6:42  Combat Shield  
  71  6:43  Orbital Command  
  71  6:45  Marauder x2  
  76  6:49  SCV  
  77  6:54  SCV  
  77  6:58  Terran Infantry Armor Level 1, Terran Infantry Weapons Level 1  
  77  7:00  Supply Depot  
  76  7:01  Supply Depot  
  76  7:05  Marine  
  76  7:06  Marauder x2  
  81  7:14  SCV  
  80  7:16  Widow Mine x2  
  80  7:21  SCV x2  
  80  7:23  Medivac x2  
  80  7:24  Barracks Reactor, Barracks Tech Lab  
  82  7:31  SCV  
  82  7:32  Armory  
  82  7:33  SCV  
  82  7:35  SCV  
  85  7:43  Marauder x3, SCV, Marine x2  
  92  7:46  SCV  
  92  7:47  Missile Turret, SCV  
  92  7:48  Widow Mine  
  96  7:52  Supply Depot  
  96  7:53  Supply Depot  
  96  7:54  Supply Depot  
  96  7:58  Medivac  
  96  7:59  Medivac  
  96  8:02  Concussive Shells  
  100  8:06  SCV x2  
  100  8:09  Marine  
  101  8:13  Missile Turret, Marine x2  
  101  8:14  Marauder x3  
  101  8:16  SCV  
  101  8:18  SCV  
  105  8:23  Marine  
  106  8:27  SCV, Marine  
  106  8:28  SCV  
  106  8:29  Missile Turret  
  106  8:30  SCV  
  106  8:32  Marine  
  106  8:33  Marine  
  112  8:35  Marauder x3  
  112  8:39  SCV  
  112  8:40  SCV  
  112  8:41  Marine  
  120  8:44  Medivac, Widow Mine x2  
  125  8:49  Supply Depot x2  
  125  8:50  Marine  
  125  8:54  SCV  
  125  8:55  Refinery x2  
  121  8:56  Marauder x3  
  121  8:57  Supply Depot  
  121  9:01  Terran Infantry Weapons Level 2  
  125  9:02  Barracks  
  125  9:03  Barracks x2  
  125  9:06  Medivac  
  127  9:14  Widow Mine x2  
  131  9:18  Marauder, Marine  
  131  9:19  Marauder x2  
  138  9:28  SCV  
  138  9:29  Supply Depot  
  138  9:30  SCV x2  
  141  9:39  Marauder  
  141  9:40  Terran Infantry Armor Level 2  
  141  9:43  Marauder x2, Marine  
  148  9:51  SCV  
  142  10:01  Marauder  
  142  10:03  Barracks Tech Lab x2  
  131  10:09  Marauder x2  
  131  10:11  Marine  
  127  10:14  Barracks Reactor  
  127  10:17  Medivac, Widow Mine x2  
  127  10:18  Medivac  
  127  10:19  Command Center  
  127  10:20  Marine  
  128  10:22  Marauder  
  129  10:30  Marauder x2  
  129  10:32  Marauder, Marine  
  129  10:33  Marine  
  129  10:34  Marine  
  136  10:39  Widow Mine x2  
  140  10:43  Marauder  
  140  10:44  Marauder, Marine  
  140  10:47  Medivac  
  140  10:48  Medivac  
  147  10:51  Marauder  
  147  10:52  Supply Depot, Marauder, Marine  
  147  10:56  Marine x2  
  147  10:57  Marauder  
  152  10:58  Marine  
  152  11:01  Widow Mine x2  
  156  11:05  Marauder x2  
  158  11:13  Marauder x2  
  158  11:16  Marine x2  
  158  11:17  Medivac x2  
  158  11:18  Marauder  
  166  11:21  Marine  
  166  11:24  Widow Mine x2  
  163  11:26  Marauder  
  163  11:27  Marauder  
  160  11:34  Marauder  
  160  11:35  Marauder  
  160  11:37  Marine x2  
  160  11:39  Marauder  
  148  11:47  Medivac, Marauder, Widow Mine x2  
  148  11:53  Viking  
  154  11:58  Marauder x3, Marine  
  154  12:00  Marine  
  154  12:01  Marauder  
  160  12:08  Widow Mine, Marine  
  161  12:09  Marauder, Widow Mine  
  161  12:10  Missile Turret  
  161  12:13  Planetary Fortress  
  161  12:14  SCV x2  
  169  12:15  SCV  
  169  12:17  Viking  
  169  12:19  Marauder  
  169  12:20  Supply Depot, Marauder, Marine x2  
  169  12:21  Marauder  
  178  12:26  SCV  
  166  12:32  Marine x2  
  166  12:33  Marauder x2  
  166  12:34  Marine x2  
  166  12:36  Widow Mine  
  170  12:38  Marine  
  170  12:41  Marauder  
  170  12:42  Marauder  
  170  12:43  Medivac  
  177  12:47  Medivac  
  177  12:49  Terran Infantry Weapons Level 3, Terran Infantry Armor Level 3  
  178  12:56  Widow Mine  
  178  12:58  Widow Mine  
  179  13:00  SCV x3  
  179  13:01  SCV, Marine  
  179  13:02  Marauder  
  179  13:05  Marauder x2, Marine x2  
  190  13:13  Supply Depot  
  190  13:26  Medivac x2  
  194  13:32  Marauder  
  193  13:37  Marauder x2, Marine x2  
  193  13:38  Marine x2  
  193  13:39  Marauder x2, Marine x2  
  193  13:41  Widow Mine x2  
  184  13:54  Marauder  
  182  13:56  Medivac x2  
  182  13:59  Marauder x2  
  182  14:00  Marauder  
  182  14:02  Widow Mine x2  
  196  14:06  Command Center  
  194  14:19  Ghost Academy  
  194  14:21  Marauder, Marine  
  194  14:23  Marine x2  
  194  14:24  Marauder  
  200  14:27  Marine x2  
  200  14:28  Marauder  
  199  14:32  Marine  
  199  14:33  Marauder  
  199  14:35  Marauder  
  195  14:39  Marine  
  195  14:41  Medivac, Widow Mine x2  
  195  14:43  Marauder  
  195  14:45  Marauder  
  194  14:49  Medivac  
  166  15:00  Marine  
  166  15:01  Marine x3  
  166  15:02  Marauder x3, Widow Mine  
  166  15:03  Widow Mine  
  166  15:04  Marauder, Marine  
  164  15:11  Medivac  
  162  15:17  Planetary Fortress  
  162  15:19  Medivac, SCV  
  162  15:20  SCV x3  
  166  15:24  Widow Mine x2  
  166  15:25  Marauder  
  166  15:27  Marine x2  
  166  15:28  Marauder x2  
  178  15:34  Marauder, Marine  
  178  15:35  Marauder  
  181  15:41  Medivac  
  177  15:44  Marine x3  
  177  15:47  Marauder  
  177  15:49  Medivac, Marauder x2  
  169  15:54  Marine x2  
  169  15:56  Marauder x2  
  168  15:59  Widow Mine, Marine  
  168  16:02  Marine x3  
  156  16:07  Marine  
  156  16:10  Marine  
  156  16:11  Marauder  
  147  16:18  Widow Mine  
  147  16:24  Medivac  
  147  16:25  Medivac, Widow Mine  
  151  16:26  Marine x2  
  151  16:27  Marauder  
  155  16:37  Marine  
  155  16:38  Marauder  
  154  16:41  Marine x2  
  154  16:42  Marauder  
  154  16:45  Widow Mine  
  152  16:51  Orbital Command  
  152  16:54  Medivac, Marauder, Marine x2  
  152  17:09  Marauder x2, Marine x3  
  152  17:10  Marauder  
  152  17:13  Medivac  
  152  17:15  Widow Mine  
  152  17:24  Medivac  
  152  17:27  SCV  
  147  17:31  SCV x2  
  149  17:39  SCV  
  149  17:43  Viking  
  152  17:51  Widow Mine x2  
  154  17:52  Marauder x3, Marine  
  154  17:54  Viking  
  154  17:57  Marauder x2  
  167  18:04  Marine  
  159  18:13  Marauder x2, Viking  
  159  18:14  Marauder, Widow Mine x2  
  159  18:17  Marine  
  159  18:18  Marine  
  159  18:19  Marauder x2  
Tags
 
Add a new tag
Caveats
  • Supply blocks, unpowered buildings, or Contaminate may cause inaccurate times.
  • Supply counts are checked every 10 seconds.